 Dungeon Crawl Stone Soup version 0.31.0-9-g3a7656b989 (webtiles) character file.

Game seed: 14081481979878381569

359 qw the Skirmisher (level 6, -4/35 HPs)
             Began as a Deep Elf Hunter on Feb 2, 2024.
             Slain by a ribbon worm (7 damage)
             ... on level 3 of the Dungeon.
             The game lasted 00:00:12 (2176 turns).

qw the Skirmisher (Deep Elf Hunter)                 Turns: 2176, Time: 00:00:13

Health: -4/35      AC:  7    Str: 10    XL:     6   Next: 37%
Magic:  8/8        EV: 11    Int: 14    God:
Gold:   117        SH:  0    Dex: 18    Spells: 5/5 levels left

rFire   . . .        a - +0 shortbow
rCold   . . .        (shield currently unavailable)
rNeg    . . .        k - +0 ring mail
rPois   .            l - +1 helmet
rElec   .            (no cloak)
rCorr   +            (no gloves)
SInv    .            (no boots)
Will    .....        (no amulet) Stlth
                     g - ring of resist corrosion
HPRegen 0.25/turn    (no ring)
MPRegen 0.11/turn

%: no passive effects
@: confused
A: no striking features
a: no special abilities


You were on level 3 of the Dungeon.
You visited 1 branch of the dungeon, and saw 3 of its levels.

You collected 117 gold pieces.


   Skills:
 - Level 2.1 Fighting
 + Level 9.9 Ranged Weapons
 - Level 2.4 Dodging
 - Level 1.2 Stealth


You had 5 spell levels left.
You didn't know any spells.
Your spell library was empty.

Inventory:

Hand Weapons
 a - a +0 shortbow (weapon)
Armour
 k - a +0 ring mail (worn)
 l - a +1 helmet (worn)
Jewellery
 d - a ring of poison resistance
 g - a ring of resist corrosion (left hand)
Scrolls
 c - a scroll of enchant weapon {unknown}
 e - a scroll of identify
 f - a scroll of amnesia {unknown}
Potions
 b - 2 potions of cancellation {unknown}
 h - a potion of brilliance {unknown}
 i - a potion of degeneration {unknown}
 j - a potion of berserk rage {unknown}

Dungeon Overview and Level Annotations

Branches:
Dungeon (3/15)

Altars:

Shops:
D:2 (

Annotations:
D:3 Ijyb


Message History

The goblin closely misses you.
The white imp hits you but does no damage.
Ijyb hits you with a +0 club. The goblin barely misses you.
Ijyb hits you but does no damage.
The white imp hits you but does no damage.
The goblin closely misses you.
Ijyb zaps a wand.
You resist with some effort. The white imp gestures at you.
The puff of frost hits you. The goblin hits you but does no damage.
Ijyb closely misses you. The white imp barely misses you.
The goblin hits you but does no damage. Ijyb barely misses you.
The white imp completely misses you.
You feel less confused. The goblin hits you but does no damage.
The white imp gestures at you.
The puff of frost hits you but does no damage.
Ijyb hits you but does no damage.
You shoot an arrow. The arrow hits the white imp.
The white imp is heavily wounded.
The goblin closely misses you. Ijyb misses you.
The white imp completely misses you.
You shoot an arrow.
The arrow hits the white imp but does no damage.
The white imp is heavily wounded.
The goblin barely misses you. Ijyb hits you with a +0 club.
The white imp closely misses you.
You shoot an arrow. The arrow hits the white imp!
You kill the white imp!
The goblin hits you but does no damage. Ijyb misses you.
You shoot an arrow. The arrow barely misses Ijyb.
The goblin hits you but does no damage. Ijyb hits you with a +0 club.
The ribbon worm barely misses you.
You shoot an arrow. The arrow hits Ijyb.
Ijyb is moderately wounded.
The goblin hits you with a +0 club.
Ijyb zaps a wand.
Your will is overpowered!
You are confused.
The ribbon worm bites you. The goblin barely misses you.
Ijyb barely misses you. The goblin hits you with a +0 club.
The ribbon worm bites you!
You die...

.# .# .).~....# .#
.~~.... .########
...~..## ........#
......# ........#
......# .......#
#.....#
.......#########gw..$#
.......#.#.#.#.#@g...#
....)...............##
#..#####.#.#.#.#....#
.......###########..#
..:....#### ### .....
##...#....# ..# ....#
........... .. .###
#####.....###)# .#
##.......###..##


You could see Ijyb, a ribbon worm and a goblin.

Vanquished Creatures
  Sigmund (D:2)
  An orc wizard (D:2)
  8 gnolls
  4 adders
  A white imp (D:3)
  A ribbon worm (D:2)
  2 orcs (D:2)
  7 ball pythons
  5 endoplasms
  A giant cockroach (D:1)
  6 goblins
  4 hobgoblins
  3 jackals (D:1)
  4 kobolds
  2 quokkas
  6 bats
  2 frilled lizards
  6 rats
64 creatures vanquished.

Notes
Turn   | Place    | Note
-------+----------+-------------------------------------------
     0 | D:1      | qw the Deep Elf Hunter began the quest for the Orb.
     0 | D:1      | Reached XP level 1. HP: 12/12 MP: 3/3
     0 | D:1      | 0 ||| qw: Version: 0.3-a-155-g5e7d8dd
     0 | D:1      | 0 ||| qw: Game counter: 1315
     0 | D:1      | 0 ||| qw: Melee chars always use a shield: true
     0 | D:1      | 0 ||| qw: God list: Okawaru
     0 | D:1      | 0 ||| qw: Allow faded altars: false
     0 | D:1      | 0 ||| qw: Do Orc after clearing Dungeon:15 true
     0 | D:1      | 0 ||| qw: Do second Lair branch before Depths: true
     0 | D:1      | 0 ||| qw: Lair rune preference: random
     0 | D:1      | 0 ||| qw: Goals: Normal
     0 | D:1      | 0 ||| PLANNING D:1-11
   157 | D:1      | Reached XP level 2. HP: 16/16 MP: 4/4
   178 | D:1      | Reached skill level 6 in Ranged Weapons
   381 | D:1      | You fall into a shaft and drop 1 floor!
   382 | D:2      | 382 ||| UPGRADING to +0 helmet.
   387 | D:2      | 387 ||| UPGRADING to ring of resist corrosion.
   388 | D:2      | 388 ||| READING 2 scrolls labelled AHEGABR OQOLL.
   389 | D:2      | 389 ||| READING scroll labelled BISAXU WAUXATU.
   389 | D:2      | 389 ||| IDENTIFYING clear potion
   390 | D:2      | 390 ||| DROPPING scroll of butterflies.
   391 | D:2      | 391 ||| DROPPING scroll of noise.
   769 | D:2      | 769 ||| RETREEEEATING.
   770 | D:2      | 770 ||| RETREEEEATING.
   771 | D:2      | 771 ||| RETREEEEATING.
   783 | D:2      | Reached XP level 3. HP: 14/20 MP: 5/5
   793 | D:2      | Reached skill level 7 in Ranged Weapons
   799 | D:2      | Reached XP level 4. HP: 10/25 MP: 6/6
   888 | D:2      | 888 ||| FLEEEEING.
   948 | D:2      | Found a faded altar of an unknown god.
  1122 | D:2      | Reached skill level 8 in Ranged Weapons
  1188 | D:2      | Found Cemippo's Antique Weapon Shop.
  1309 | D:2      | 1309 ||| UPGRADING to +0 ring mail.
  1319 | D:2      | 1319 ||| DROPPING +0 leather armour.
  1320 | D:2      | 1320 ||| UPGRADING to +1 helmet.
  1330 | D:2      | 1330 ||| DROPPING +0 helmet.
  1331 | D:2      | 1331 ||| READING scroll labelled WUENAI NEOSYIL.
  1334 | D:2      | 1334 ||| READING scroll labelled TOMUNI ZOKKE.
  1335 | D:2      | 1335 ||| READING scroll labelled ORRIPH MEOVOYKK.
  1336 | D:2      | 1336 ||| READING scroll labelled HUFOIG LAOMI.
  1338 | D:2      | 1338 ||| Stepping ~*~*~tactically~*~*~ (cloud).
  1339 | D:2      | 1339 ||| DRINKING potion of curing.
  1339 | D:2      | 1339 ||| (to cure poison)
  1384 | D:3      | Noticed Sigmund
  1385 | D:3      | 1385 ||| STAIRDANCE
  1427 | D:3      | 1427 ||| STAIRDANCE
  1501 | D:3      | 1501 ||| STAIRDANCE
  1529 | D:3      | 1529 ||| STAIRDANCE
  1541 | D:2      | HP: 5/25 [something/magic dart (3)]
  1543 | D:2      | Killed Sigmund
  1544 | D:2      | Reached skill level 9 in Ranged Weapons
  1544 | D:2      | Reached XP level 5. HP: 6/29 MP: 7/7
  1639 | D:3      | 1639 ||| STAIRDANCE
  1645 | D:2      | Reached XP level 6. HP: 28/35 MP: 8/8
  1676 | D:3      | 1676 ||| STAIRDANCE
  1697 | D:3      | 1697 ||| STAIRDANCE
  1708 | D:3      | 1708 ||| STAIRDANCE
  1720 | D:3      | 1720 ||| STAIRDANCE
  1749 | D:3      | 1749 ||| STAIRDANCE
  1764 | D:3      | 1764 ||| STAIRDANCE
  1781 | D:3      | 1781 ||| STAIRDANCE
  2153 | D:3      | Noticed Ijyb
  2174 | D:3      | HP: 8/35 [Ijyb/+0 club (2)]
  2176 | D:3      | HP: 3/35 [goblin/+0 club (3)]
  2176 | D:3      | Slain by a ribbon worm

Levels and vault maps discovered:
D:1:      kennysheep_arrival_seaside, layout_loops_ring
D:2:      layout_rooms, dreamdust_ecumenical_altar_grove, serial_shops, shop
D:3:      layout_rooms, lemuel_round_altar, chequers_serial_rivers_micro_c,
          minmay_misc_feat_hallway, uniq_sigmund, uniq_ijyb

Skill      XL: |  1  2  3  4  5  6 |
---------------+-------------------+-----
Ranged Weapons | 6 7 9 |  9.9
Fighting       | 2 |  2.1
Dodging        | |  2.4
Stealth        | |  1.2

Action                     |  1- 3 |  4- 6 || total
---------------------------+-------+-------++-------
   Fire: Shortbow          |    82 |   162 ||   244
    Use: Scroll            |     2 |     4 ||     6
         Potion            |       |     1 ||     1
 Armour: Leather armour    |    15 |    22 ||    37
         Ring mail         |       |    84 ||    84
  Dodge: Dodged            |    26 |    82 ||   108

Table legend:
 A = Non-vault XP
 B = Vault XP
 C = Vault XP percentage of total XP
 D = Non-vault monster count
 E = Vault monster count
 F = Vault count percentage of total count
                 A         B        C        D         E       F
            +---------+---------+-------+---------+---------+-------
      Total |     300 |     214 |  41.6 |      63 |       1 |   1.6
            +---------+---------+-------+---------+---------+-------
        D:1 |      25 |       0 |   0.0 |      14 |       0 |   0.0
        D:2 |     189 |     214 |  53.1 |      32 |       1 |   3.0
        D:3 |      86 |       0 |   0.0 |      17 |       0 |   0.0
            +---------+---------+-------+---------+---------+-------
